 Dungeon Sprint DCSS version 0.27.1-33-g824d729ab1 (webtiles) character file.

Game seed: 86623774237328051

25 Hipnos the Magician (level 3, -21/25 HPs)
             Began as a Djinni Fire Elementalist on Nov 25, 2021.
             Demolished by an ogre (28 damage)
             ... in the Dungeon (Sprint I: "Red Sonja").
             The game lasted 00:01:48 (430 turns).

Hipnos the Magician (Djinni Fire Elementalist)       Turns: 430, Time: 00:01:49

Health: -21/25     AC:  3    Str:  7    XL:     3   Next: 17%
Gold:   0          EV: 12    Int: 17    God:
                   SH:  0    Dex: 13

rFire    + + .     SeeInvis .   (no weapon)
rCold    x . .     Faith    .   (no shield)
rNeg     . . .     Spirit   .   c - +0 leather armour
rPois    ∞         Reflect  .   (no helmet)
rElec    .         Harm     .   (no cloak)
rCorr    .         Rampage  .   (no gloves)
Will     .....     NoTele   +   (boots unavailable)
Stlth    ++........             (no amulet)
HPRegen  0.08/turn              (no ring)
MPRegen  0.00/turn              (no ring)

@: flying
A: sickness immunity, fire resistance 2, cold vulnerability 1, float, innate
caster, hp casting, extra vitality 1
a: no special abilities


You were in the Dungeon.
You visited 1 branch

Inventory:

Armour
 a - a +0 robe
 c - a +0 leather armour (worn)
Scrolls
 f - a scroll of blinking
Potions
 b - a potion of curing
 d - a potion of haste


   Skills:
 + Level 0.1 Fighting
 + Level 2.7 Dodging
 + Level 2.0 Stealth
 + Level 0.3 Unarmed Combat
 * Level 4.7 Spellcasting


You couldn't memorise any spells.
You knew the following spells:

 Your Spells              Type           Power      Damage    Failure   Level
a - Foxfire               Conj/Fire      76%        2x1d7     3%          1
b - Conjure Flame         Conj/Fire      19%        6-21      10%         3
c - Inner Flame           Hex/Fire       19%        N/A       10%         3
d - Sticky Flame          Conj/Fire      19%        2d4       32%         4
e - Fireball              Conj/Fire      9%         3d6       65%         5
f - Freeze                Ice            76%        1d9       3%          1
Your spell library was empty.

Dungeon Overview and Level Annotations

Branches:
Dungeon (1/1)

Altars:


Innate Abilities, Weirdness & Mutations

You are immune to sickness and miasma.
You are immune to poison.
Your flesh is very heat resistant. (rF++)
You are vulnerable to cold. (rC-)
You float through the air rather than walking.
You learn spells naturally, not from books.
Your magical power is your life essence.
You have superior vitality. (+4 HP)


Message History

Casting: Foxfire (safe; 3% risk of failure)
Confirm with . or Enter, or press ? or * to list all spells.
Okay, then.
You reach down and open the door.
An ogre comes into view. It is wielding a +0 giant spiked club.
The ogre shouts!
Casting: Foxfire (safe; 3% risk of failure)
Confirm with . or Enter, or press ? or * to list all spells.
The spell is quite dangerous to cast (10% risk of failure)!
Continue anyway?
You miscast Conjure Flame.
You are very lightly contaminated with residual magic.
Nothing appears to happen.
There is an open door here.
Casting: Conjure Flame (quite dangerous; 10% risk of failure)
Confirm with . or Enter, or press ? or * to list all spells.
The spell is quite dangerous to cast (10% risk of failure)!
Continue anyway?
The fire begins to smoulder!
The ogre misses you.
The ogre smothers the flame.
Casting: Conjure Flame (quite dangerous; 10% risk of failure)
Confirm with . or Enter, or press ? or * to list all spells.
You conjure some foxfire!
The ogre hits you with a +0 giant spiked club!
Your foxfire dissipates!
The foxfire hits the ogre.
The ogre is lightly wounded.
The ogre misses you.
Casting: Foxfire (safe; 3% risk of failure)
Confirm with . or Enter, or press ? or * to list all spells.
You conjure some foxfire!
Your foxfire dissipates!
The foxfire hits the ogre.
The ogre is lightly wounded.
Your magical contamination has completely faded away.
Casting: Foxfire (safe; 3% risk of failure)
Confirm with . or Enter, or press ? or * to list all spells.
You conjure some foxfire!
* * * LOW HITPOINT WARNING * * *
The ogre hits you with a +0 giant spiked club!!
Ouch! That really hurt!
You die...

##########
#<.#..'..#
#..'..#..+
#Ov#### +#
#@.# #v)#
#..# #⌠⌠#
####


You could see an ogre (ally target).

Vanquished Creatures
  Ijyb (D)
1 creature vanquished.

Vanquished Creatures (others)
  10 foxfires (D)
10 creatures vanquished.

Grand Total: 11 creatures vanquished

Notes
Turn   | Place    | Note
-------+----------+-------------------------------------------
     0 | D        | Hipnos the Djinni Fire Elementalist began the quest for the
                  | Orb.
     0 | D        | Reached XP level 1. HP: 15/15 MP: 0/0
     2 | D        | Noticed Ijyb
    28 | D        | HP: 1/22 [Ijyb (4)]
    29 | D        | Killed Ijyb
    30 | D        | Reached skill level 4 in Spellcasting
    30 | D        | Reached XP level 2. HP: 2/21 MP: 0/0
    30 | D        | Reached XP level 3. HP: 3/25 MP: 0/0
    30 | D        | Learned a level 1 spell: Freeze
   419 | D        | Noticed an ogre
   430 | D        | Demolished by an ogre

Illustrated notes

Levels and vault maps discovered:
D:        dungeon_sprint_1 [red_sonja_temple_1, red_sonja_temple_small_1]

Skill      XL: |  1 |
---------------+----+-----
Stealth        | 2 |  2.0
Spellcasting   | 4 |  4.7
Fighting       | |  0.1
Dodging        | |  2.7
Unarmed Combat | |  0.3

Action                   || total
-------------------------++-------
Melee: Unarmed           ||    14
 Cast: Foxfire           ||     8
       Conjure Flame     ||     1
  Use: Potion            ||     2
Dodge: Dodged            ||    11
